 Dungeon Crawl Stone Soup version 0.21.1-1-g345015fe64 (webtiles) character file.

10360 Lusmu the Covert (level 11, -2/63 HPs)
             Began as a Tengu Assassin on Apr 21, 2018.
             Was an Initiate of Gozag.
             Succumbed to a swamp dragon's poison gas
             ... on level 2 of the Lair of Beasts.
             The game lasted 00:55:11 (17699 turns).

Lusmu the Covert (Tengu Assassin)                  Turns: 17699, Time: 00:55:11

Health: -2/63      AC:  8    Str: 19    XL:     11   Next: 60%
Magic:  5/13       EV: 17    Int: 11    God:    Gozag
Gold:   1331       SH:  0    Dex: 18    Spells: 5/10 levels left

rFire    . . .     SeeInvis .   t - +1 short sword (freeze)
rCold    + . .     Gourm    .   (no shield)
rNeg     . . .     Faith    .   h - +0 ring mail
rPois    .         Spirit   +   (helmet restricted)
rElec    .         Reflect  .   a - +1 cloak {+Inv}
rCorr    .         Harm     .   (no gloves)
MR       .....     Clarity  +   (boots unavailable) Stlth +++++.....Rnd*Tele +
                                m - amulet of guardian spirit
HPRegen  0.20/turn              y - +5 ring of strength
MPRegen  0.13/turn              k - +3 ring of dexterity

@: lethally poisoned (-2 -> -47), flying quickly and evasively, quick
A: beak, talons 3, clarity, cold resistance 1, dopey 1, high mp 1, teleportitis
1, evolution 1, no potion heal 1, able to fly 1
a: Potion Petition, Call Merchant, Bribe Branch, Renounce Religion, Evoke
Invisibility


You were on level 2 of the Lair of Beasts.
You worshipped Gozag.
Gozag was most pleased with you.
You were not hungry.

You visited 3 branches of the dungeon, and saw 13 of its levels.

You collected 1460 gold pieces.
You spent 27 gold pieces at shops.
You paid 102 gold pieces to Gozag.

Inventory:

Hand Weapons
 e - a +0 blowgun
 q - a +2 dagger of holy wrath
 t - a +1 short sword of freezing (weapon)
Missiles
 b - 25 poisoned needles
 i - 87 arrows
 r - 343 stones (quivered)
 B - 203 bolts
 K - 2 curare-tipped needles
Armour
 a - a +1 cloak of invisibility (worn)
 h - a +0 ring mail (worn)
Jewellery
 k - a +3 ring of dexterity (right hand)
 m - an amulet of guardian spirit (around neck)
 y - a +5 ring of strength (left hand)
Wands
 x - a wand of acid (3)
 E - a wand of enslavement (13)
 N - a wand of digging (7)
Scrolls
 c - 4 scrolls of enchant armour
 d - 3 scrolls of remove curse
 l - a scroll of amnesia
 u - a scroll of immolation
 w - 2 scrolls of blinking
 G - 2 scrolls of fear
 O - 2 scrolls of teleportation
Potions
 j - 3 potions of heal wounds
 n - 2 potions of haste
 o - 2 potions of agility
 p - 3 potions of cancellation
 s - 3 potions of lignification
 v - a potion of curing
 z - a potion of ambrosia {unknown}
 C - a potion of might {unknown}
 D - 2 potions of brilliance {unknown}
Books
 f - a book of Callings

   Spells                             Type                      Level
   a - Summon Small Mammal            Summoning                    1
   b - Call Imp                       Summoning                    2
   c - Call Canine Familiar           Summoning                    3
   d - Summon Guardian Golem          Hexes/Summoning              3
   e - Summon Lightning Spire         Summoning/Air                4
   f - Summon Ice Beast               Ice/Summoning                4
 F - a book of Debilitation

   Spells                             Type                      Level
   a - Corona                         Hexes                        1
   b - Slow                           Hexes                        2
   c - Inner Flame                    Hexes/Fire                   3
   d - Portal Projectile              Hexes/Translocation          3
   e - Cause Fear                     Hexes                        4
   f - Leda's Liquefaction            Hexes/Earth                  4
 J - a book of Conjurations

   Spells                             Type                      Level
   a - Magic Dart                     Conjuration                  1
   b - Searing Ray                    Conjuration                  2
   c - Dazzling Spray                 Conjuration/Hexes            3
   d - Fulminant Prism                Conjuration/Hexes            4
   e - Force Lance                    Conjuration/Translocation    4
   f - Iskenderun's Mystic Blast      Conjuration                  4
 M - a book of Maledictions

   Spells                             Type                      Level
   a - Corona                         Hexes                        1
   b - Ensorcelled Hibernation        Hexes/Ice                    2
   c - Confuse                        Hexes                        3
   d - Tukima's Dance                 Hexes                        3
   e - Dazzling Spray                 Conjuration/Hexes            3
Comestibles
 g - 4 rations


   Skills:
 - Level 5.0 Fighting
 + Level 11.9 Short Blades
 - Level 2.0 Throwing
 + Level 4.1 Armour
 - Level 5.0 Dodging
 + Level 12.1 Stealth
 + Level 2.8 Hexes
 + Level 3.4 Ice Magic


You had 5 spell levels left.
You knew the following spells:

 Your Spells              Type           Power        Failure   Level  Hunger
a - Ensorcelled Hibernat  Hex/Ice        #.....       26%         2    ###....
b - Call Canine Familiar  Summ           #.......     87%         3    ####...


Dungeon Overview and Level Annotations

Branches:
Dungeon (10/15)            Temple (1/1) D:7            Lair (2/6) D:9
    Orc (0/2) D:9
  Swamp: Lair:2-4    Shoals: Lair:2-4     Snake: Lair:2-4    Spider: Lair:2-4

Altars:
Ashenzari
Cheibriados
Dithmenos
Elyvilon
Fedhas
Gozag
Hepliaklqana
Kikubaaqudgha
Makhleb
Nemelex Xobeh
Okawaru
Qazlal
Ru
Sif Muna
Trog
Uskayaw
Vehumet
Wu Jian
Xom
Yredelemnul
Zin
The Shining One

Shops:
D:7 *

Annotations:
D:5 1 runed door, Lusmu's ghost, novice TeAs
Lair:1 exclusion: oklob plant, Gastronok


Innate Abilities, Weirdness & Mutations

You have a beak for a mouth.
You have claws for feet.
You can fly.
You possess an exceptional clarity of mind.
Your flesh is cold resistant. (rC+)
You are dopey. (Int -2)
You have an increased reservoir of magic. (+10% MP)
You are occasionally teleported next to monsters.
You evolve.
Potions are less effective at restoring your health.


Message History

You feel sick.
You feel sick. The bullfrog barely misses you.
You feel sick.
The swamp dragon breathes poison at you.
The blast of poison engulfs you!
You are lethally poisoned!
* * * LOW HITPOINT WARNING * * *
You are engulfed in poison gas.
You are more poisoned.
* * * LOW HITPOINT WARNING * * *
x2 You feel very sick.
The bullfrog is engulfed in poison gas.
The bullfrog is poisoned.
You are engulfed in poison gas.
You are more poisoned.
* * * LOW HITPOINT WARNING * * *
You feel very sick.
The bullfrog is engulfed in poison gas.
The bullfrog looks even sicker.
The bullfrog misses you.
You die...
Your body crumbles into a pile of gold.

#.................
###...............P..
##....................
#........##...........
#####.......#..............
#.#.........<.............#.
##..........................
#...........................
................@.........#.
.................§§.........
.............#...F§§§.......
$
..................§§§.......
.....##.#.........§§§.......
.....##.#.........§§.§......
...####......#...D......#.#.
....##.#......#.$§....(.# .
...##.###.......F........#


You could see a swamp dragon and a bullfrog.

Vanquished Creatures
  A two-headed ogre (D:8)
  Pikel (D:7)
  2 black mambas (Lair:1)
  2 spiny frogs
  Grinder (D:6)
  A queen bee (D:8)
  3 hippogriffs
  A wyvern (D:9)
  14 yaks
  4 water moccasins
  Duvessa (D:5)
  2 porcupines
  A sky beast (D:7)
  An ice beast (D:4)
  4 orc warriors
  4 ogres
  2 centaurs (D:5)
  3 crocodiles (Lair:1)
  A big kobold (D:4)
  4 bullfrogs
  A wyvern zombie (D:8)
  4 scorpions
  Dowan (D:6)
  14 killer bees
  A howler monkey (D:8)
  A crimson imp (D:6)
  2 jellies
  A bullfrog zombie (D:5)
  A centaur zombie (D:5)
  6 orc priests
  7 hounds
  9 orc wizards
  A bullfrog skeleton (D:5)
  2 centaur skeletons (D:6)
  An iguana (D:5)
  7 worker ants
  A hound zombie (D:5)
  A howler monkey zombie (D:2)
  A worker ant zombie (D:5)
  4 gnolls (D:2)
  16 adders
  A shadow imp (D:7)
  An ooze (D:2)
  An adder skeleton (D:5)
  5 worms
  2 dart slugs
  5 leopard geckos
  41 orcs
  7 giant cockroaches
  9 goblins
  9 hobgoblins
  20 jackals
  5 kobolds
  2 quokkas
  2 ball pythons
  A ball python zombie (D:5)
  10 bats
  7 frilled lizards
  2 jackal zombies (D:5)
  A kobold zombie (D:5)
  2 leopard gecko skeletons
  2 quokka zombies (D:5)
  7 rats
  A bush (D:8)
  A withered plant (D:5)
279 creatures vanquished.

Vanquished Creatures (collateral kills)
  An orc warrior (D:8)
1 creature vanquished.

Vanquished Creatures (others)
  A hound (D:7)
  A howler monkey zombie (D:7)
  An orc (D:7)
  10 jackals
  A quokka skeleton (D:7)
  4 bushes (D:8)
  A fungus (D:9)
19 creatures vanquished.

Grand Total: 299 creatures vanquished

Notes
Turn   | Place    | Note
-------+----------+-------------------------------------------
     0 | D:1      | Lusmu the Tengu Assassin began the quest for the Orb.
     0 | D:1      | Reached XP level 1. HP: 12/12 MP: 2/2
   329 | D:1      | Reached XP level 2. HP: 17/17 MP: 3/3
   539 | D:1      | Reached XP level 3. HP: 18/21 MP: 4/4
  1343 | D:2      | Reached XP level 4. HP: 16/27 MP: 5/5
  2045 | D:2      | Reached skill level 5 in Stealth
  2112 | D:2      | Gained mutation: You can fly. [Tengu growth]
  2112 | D:2      | Reached XP level 5. HP: 21/32 MP: 6/6
  3127 | D:3      | Found a deep blue altar of Sif Muna.
  3876 | D:2      | Gained mutation: Potions are less effective at restoring your health. [potion of mutation]
  3876 | D:2      | Gained mutation: You are partially covered in rugged brown scales. (AC +1, +3% HP) [potion of mutation]
  3877 | D:2      | Lost mutation: You are partially covered in rugged brown scales. (AC +1, +3% HP) [potion of mutation]
  3877 | D:2      | Gained mutation: You are occasionally teleported next to monsters. [potion of mutation]
  3877 | D:2      | Gained mutation: You are dopey. (Int -2) [potion of mutation]
  3877 | D:2      | Gained mutation: Your flesh is cold resistant. (rC+) [potion of mutation]
  3877 | D:2      | Gained mutation: You evolve. [potion of mutation]
  4069 | D:3      | Reached XP level 6. HP: 26/37 MP: 7/7
  4900 | D:4      | Reached skill level 5 in Short Blades
  4900 | D:4      | Reached skill level 6 in Stealth
  5017 | D:4      | Reached XP level 7. HP: 39/41 MP: 8/8
  5670 | D:5      | Entered Level 5 of the Dungeon
  5889 | D:5      | Found a runed door.
  5890 | D:5      | Noticed a human
  5891 | D:5      | Found a basalt altar of Yredelemnul.
  5905 | D:5      | Noticed Lusmu's ghost (novice TeAs)
  6326 | D:5      | Reached skill level 7 in Stealth
  6493 | D:5      | Reached XP level 8. HP: 37/48 MP: 6/9
  7296 | D:6      | Reached skill level 8 in Stealth
  7355 | D:6      | Gained mutation: You possess an exceptional clarity of mind. [evolution]
  7576 | D:6      | Reached skill level 5 in Fighting
  7641 | D:6      | Noticed Dowan
  7644 | D:6      | Noticed Duvessa
  7653 | D:6      | Killed Dowan
  7697 | D:5      | Killed Duvessa
  7697 | D:5      | Reached XP level 9. HP: 8/54 MP: 2/10
  8084 | D:6      | Reached skill level 9 in Stealth
  8451 | D:6      | Noticed Grinder
  8462 | D:6      | Killed Grinder
  8811 | D:7      | Found Hahal's Assorted Antiques.
  8814 | D:7      | Bought a purple potion for 27 gold pieces
  8844 | D:7      | Noticed Pikel
  8849 | D:7      | Killed Pikel
  8849 | D:7      | Reached skill level 10 in Stealth
  9077 | D:7      | Reached skill level 10 in Short Blades
  9292 | D:7      | Found a staircase to the Ecumenical Temple.
  9351 | Temple   | Entered the Ecumenical Temple
  9660 | Temple   | Became a worshipper of Gozag Ym Sagoz the Greedy
  9706 | D:7      | Gained mutation: You have an increased reservoir of magic. (+10% MP) [evolution]
 10411 | D:8      | Noticed a queen bee
 10713 | D:8      | Reached XP level 10. HP: 46/59 MP: 9/12
 11370 | D:8      | Noticed a two-headed ogre
 11379 | D:8      | Killed a two-headed ogre
 11379 | D:8      | Reached skill level 11 in Stealth
 11993 | D:8      | Found a shadowy altar of Dithmenos.
 12515 | D:8      | Learned a level 2 spell: Ensorcelled Hibernation
 12519 | D:8      | Learned a level 3 spell: Call Canine Familiar
 12747 | D:8      | Reached skill level 5 in Dodging
 13337 | D:9      | Reached skill level 1 in Armour
 13557 | D:9      | Reached skill level 1 in Ice Magic
 13612 | D:9      | Found a staircase to the Lair.
 13769 | D:9      | Reached skill level 1 in Hexes
 14129 | D:9      | Found a staircase to the Orcish Mines.
 14353 | D:10     | Entered Level 10 of the Dungeon
 14492 | Lair:1   | Entered Level 1 of the Lair of Beasts
 14636 | Lair:1   | Reached XP level 11. HP: 51/63 MP: 10/13
 16112 | Lair:1   | Noticed Gastronok
 16566 | Lair:1   | Reached skill level 12 in Stealth
 17049 | Lair:1   | Noticed an oklob plant
 17245 | Lair:1   | HP: 3/63 [poisoned by a spiny frog]
 17250 | Lair:1   | HP: 2/63 [poisoned by a spiny frog]
 17643 | Lair:2   | Noticed a swamp dragon
 17698 | Lair:2   | HP: 1/63 [poisoned by a swamp dragon (poison gas)]
 17699 | Lair:2   | Succumbed to a swamp dragon's poison gas

Skill      XL: |  1  2  3  4  5  6  7  8  9 10 11 |
---------------+----------------------------------+-----
Short Blades   | 3 4 5 6 8 10 11 | 11.9
Stealth        | 5 6 7 8 10 11 12 | 12.1
Fighting       | 3 4 5 |  5.0
Dodging        | 2 5 |  5.0
Armour         | 2 4 |  4.1
Ice Magic      | 1 3 |  3.4
Hexes          | 1 2 |  2.8
Throwing       | |  2.0

Action                   |  1- 3 |  4- 6 |  7- 9 | 10-12 || total
-------------------------+-------+-------+-------+-------++-------
Melee: Dagger            |   106 |   190 |   331 |   346 ||   973
       Kick              |    18 |    51 |   126 |   195 ||   390
       Peck              |    15 |    38 |    75 |   113 ||   241
       Short sword       |       |       |       |   172 ||   172
 Fire: Blowgun           |       |     1 |    12 |    30 ||    43
Throw: Stone             |       |       |       |     2 ||     2
 Cast: Ensorcelled Hiber |       |       |       |     1 ||     1
 Abil: Fly               |       |       |       |     1 ||     1
Evoke: Wand              |       |       |     3 |     5 ||     8
  Use: Scroll            |       |     5 |     4 |     7 ||    16
       Potion            |       |     5 |     4 |     4 ||    13
 Stab: Sleeping          |     6 |     9 |     8 |     6 ||    29
       Distracted        |       |     1 |     3 |     5 ||     9
  Eat: Chunk             |     1 |     8 |    14 |       ||    23
       Ration            |       |     1 |     1 |     7 ||     9
Armor: Robe              |    10 |       |       |       ||    10
       Ring mail         |    32 |    54 |    82 |    54 ||   222
Dodge: Dodged            |    66 |    72 |   154 |   206 ||   498
